 Dungeon Crawl Stone Soup version 0.22-a0-618-gd6a3efe (webtiles) character file.

25 sking99 the Ruffian (level 3, 0/36 HPs)
             Began as an Ogre Transmuter on July 13, 2018.
             Slain by a jelly (3 damage)
             ... on level 2 of the Dungeon.
             The game lasted 00:00:51 (1158 turns).

sking99 the Ruffian (Ogre Transmuter)               Turns: 1158, Time: 00:00:52

Health: 0/36       AC: -1    Str: 14    XL:     3   Next: 6%
Magic:  3/6        EV: 10    Int: 14    God:
Gold:   44         SH:  0    Dex: 10    Spells: 3/6 levels left

rFire    . . .     SeeInvis .     - Unarmed
rCold    . . .     Gourm    .   (no shield)
rNeg     . . .     Faith    .   b - +0 robe
rPois    .         Spirit   .   (helmet restricted)
rElec    .         Reflect  .   (no cloak)
rCorr    .         Harm     .   (gloves unavailable)
MR       .....                  (boots unavailable)
Stlth    +.........             (no amulet)
HPRegen  0.12/turn              (no ring)
MPRegen  0.10/turn              (no ring)

@: lethally poisoned (0 -> -2), corroded
A: large, unfitting armour, tough skin 1
a: no special abilities


You were on level 2 of the Dungeon.
You were not hungry.

You visited 1 branch of the dungeon, and saw 2 of its levels.

You collected 44 gold pieces.

Inventory:

Missiles
 a - 33 arrows
Armour
 b - a +0 robe (worn)
Jewellery
 f - a cursed ring of loudness {unknown}
Scrolls
 e - a scroll of teleportation {unknown}
 g - a scroll of magic mapping {unknown}
Comestibles
 d - a ration


   Skills:
 + Level 2.4 Fighting
 - Level 1.7 Dodging
 * Level 3.4 Unarmed Combat
 - Level 2.4 Spellcasting
 - Level 1.7 Transmutations


You had 3 spell levels left.
You knew the following spells:

 Your Spells              Type           Power        Failure   Level  Hunger
a - Beastly Appendage     Tmut           #.....       11%         1    #......
b - Sticks to Snakes      Tmut           #.......     17%         2    ###....

Your spell library contained the following spells:

 Spells                   Type           Power        Failure   Level  Hunger
 Spider Form              Tmut/Pois      #.........   43%         3    ###....
 Blade Hands              Tmut           #.........   97%         5    ######.
 Ice Form                 Ice/Tmut       #.......     85%         4    #####..


Dungeon Overview and Level Annotations

Branches:
Dungeon (2/15)

Altars:


Innate Abilities, Weirdness & Mutations

You are too large for most types of armour.
You have tough skin. (AC +1)


Message History

Your ball python barely misses the jelly.
The jelly closely misses you.
You hit the jelly.
Your hands burn!
The jelly is heavily wounded.
Your ball python bites the jelly.
Your ball python is burned by acid!
Your ball python withers and dies!
The jelly jiggles.
The jelly barely misses you.
You hit the jelly.
Your hands burn!
* * * LOW HITPOINT WARNING * * *
The jelly is heavily wounded.
You hit the jelly but do no damage.
Your hands burn!
* * * LOW HITPOINT WARNING * * *
The jelly is heavily wounded.
You feel sick. The jelly closely misses you.
You hit the jelly but do no damage.
Your hands burn!
* * * LOW HITPOINT WARNING * * *
The jelly is heavily wounded.
The jelly hits you.
You die...

.# #.# ..#
..#
#####..####
#...[.....#
#...J.....#
#...@.....#
#.........#
#.........#
#.........#
#.........#
###########


You could see a jelly.

Vanquished Creatures
  An adder (D:2)
  A dart slug (D:1)
  A bat (D:1)
  A giant cockroach (D:1)
  3 goblins (D:1)
  2 hobgoblins (D:1)
  A frilled lizard (D:1)
  A kobold (D:1)
  3 rats (D:1)
14 creatures vanquished.

Vanquished Creatures (others)
  4 toadstools (D:1)
4 creatures vanquished.

Grand Total: 18 creatures vanquished

Notes
Turn   | Place    | Note
-------+----------+-------------------------------------------
     0 | D:1      | sking99 the Ogre Transmuter began the quest for the Orb.
     0 | D:1      | Reached XP level 1. HP: 19/19 MP: 3/3
   389 | D:1      | Reached skill level 3 in Unarmed Combat
   418 | D:1      | Reached XP level 2. HP: 26/28 MP: 5/5
   425 | D:1      | Learned a level 2 spell: Sticks to Snakes
  1153 | D:2      | Reached XP level 3. HP: 17/36 MP: 3/6
  1158 | D:2      | Slain by a jelly

Vault maps used:
D:1:      ldierk_walled_garden_2, minmay_crystal_room
D:2:      bloody_makhleb, doesnt_xom_only_xom, nicolae_gozag_zags_fifth_avenue,
          uniq_robin

Skill      XL: |  1  2 |
---------------+-------+-----
Unarmed Combat | 3 |  3.4
Fighting       | 2 |  2.4
Dodging        | |  1.7
Spellcasting   | |  2.4
Transmutations | |  1.7

Action                   || total
-------------------------++-------
Melee: Unarmed           ||    91
       Punch             ||     1
 Cast: Sticks to Snakes  ||     1
 Stab: Sleeping          ||     1
  Eat: Chunk             ||     1
Armor: Robe              ||    28
Dodge: Dodged            ||    43

Table legend:
 A = Spawn XP
 B = Non-spawn XP
 C = Spawn XP percentage of total XP
 D = Spawn monster count
 E = Non-spawn monster count
 F = Spawn count percentage of total count
 G = Total turns spent on level
                    A         B        C        D         E        F      G
               +---------+---------+-------+---------+---------+-------+---------
         Total |       0 |      37 |   0.0 |       0 |      14 |   0.0 |  1158
               +---------+---------+-------+---------+---------+-------+---------
           D:1 |       0 |      23 |   0.0 |       0 |      13 |   0.0 |  1148
           D:2 |       0 |      14 |   0.0 |       0 |       1 |   0.0 |    10
               +---------+---------+-------+---------+---------+-------+---------
